 Dungeon Crawl Stone Soup version 0.27.1-33-g824d729ab1 (webtiles) character file.

Game seed: 15625504644136665538

229 potato4science the Chopper (level 5, -2/46 HPs)
             Began as a Minotaur Berserker on Dec 15, 2021.
             Was a Believer of Trog.
             Slain by Grinder (8 damage)
             ... on level 3 of the Dungeon.
             The game lasted 00:17:34 (2895 turns).

potato4science the Chopper (Minotaur Berserker)     Turns: 2895, Time: 00:17:35

Health: -2/46      AC: 14    Str: 23    XL:     5   Next: 71%
Magic:  4/4        EV:  7    Int:  4    God:    Trog [**....]
Gold:   95         SH:  0    Dex: 15    Spells: 4/4 levels left

rFire    . . .     SeeInvis .   a - +0 hand axe
rCold    . . .     Faith    .   (no shield)
rNeg     . . .     Spirit   .   p - +0 plate armour
rPois    .         Reflect  .   (helmet restricted)
rElec    .         Harm     .   f - +0 cloak
rCorr    .         Rampage  .   (no gloves)
Will     .....                  b - +0 pair of boots
Stlth    ..........             (no amulet)
HPRegen  0.15/turn              r - +6 ring of dexterity
MPRegen  0.09/turn              (no ring)

@: on berserk cooldown, slowed, very slow
A: horns 2, retaliatory headbutt
a: Renounce Religion, Berserk, Trog's Hand


You were on level 3 of the Dungeon.
You worshipped Trog.
Trog was pleased with you.
You visited 1 branch of the dungeon, and saw 3 of its levels.

You collected 95 gold pieces.

Inventory:

Hand Weapons
 a - a +0 hand axe (weapon)
 g - a +2 dagger of speed
Missiles
 c - 13 sling bullets
 h - 49 arrows
 j - 30 bolts
 m - 54 stones (quivered)
Armour
 b - a +0 pair of boots (worn)
 f - a +0 cloak (worn)
 p - a +0 plate armour (worn)
Jewellery
 r - a +6 ring of dexterity (left hand)
 t - an amulet of magic regeneration
Scrolls
 e - 2 scrolls of teleportation {unknown}
 i - 2 scrolls of identify {unknown}
 k - 2 scrolls of immolation {unknown}
 o - a scroll of vulnerability {unknown}
Potions
 l - a potion of attraction {unknown}
 n - a potion of haste {unknown}
 q - a potion of might {unknown}
 s - a potion of berserk rage {unknown}


   Skills:
 - Level 4.0 Fighting
 + Level 6.4 Axes
 - Level 4.0 Armour
 - Level 3.0 Dodging
 + Level 0.6 Stealth


You had 4 spell levels left.
You didn't know any spells.
Your spell library was empty.

Dungeon Overview and Level Annotations

Branches:
Dungeon (3/15)

Altars:
Hepliaklqana
Kikubaaqudgha
Makhleb

Annotations:
D:3 Grinder


Innate Abilities, Weirdness & Mutations

You have a pair of horns on your head.
You reflexively headbutt those who attack you in melee.


Message History

Grinder is nearby!
You close the door.
Grinder opens the door.
You close the door.
Grinder opens the door.
You are too injured to fight recklessly!
You hit Grinder.
Grinder is moderately wounded.
Grinder gestures at you. Pain shoots through your body!
* * * LOW HITPOINT WARNING * * *
You closely miss Grinder.
Grinder is moderately wounded.
Grinder closely misses you. Grinder hits you but does no damage.
It was a potion of curing.
You feel better. Grinder gestures at you.
You suddenly lose the ability to move!
Grinder hits you but does no damage. Grinder hits you.
Grinder blinks!
Grinder gestures at you. You resist with significant effort.
You can move again.
You feel better. Grinder hits you. Grinder gestures at you.
Pain shoots through your body!
* * * LOW HITPOINT WARNING * * *
You feel better.
Grinder says, "There's only one good use for a tongue: cutting it out."
Grinder gestures at you. Pain shoots through your body!
* * * LOW HITPOINT WARNING * * *
You barely miss Grinder.
Grinder is moderately wounded.
Grinder hits you.
* * * LOW HITPOINT WARNING * * *
You writhe in agony.
* * * LOW HITPOINT WARNING * * *
You barely miss Grinder.
Grinder is moderately wounded.
Grinder hits you!
You die...

#.##........####..8.
#.##.######## #....
#.##.# #.###
#.##.##### #.# #
#.÷......#######.# #
##.§.###.........# #
#.#.###############
##'##...............
#..@#####.#####.####
#..5# ##.## #.# #
#...####...####.# #
#####...........# #
#######...###..# #
##.######.......# #
##.........#####.# #
##.....##...# #.# #
#........)..# #.# #


You could see Grinder.

Vanquished Creatures
  A howler monkey (D:3)
  A centaur zombie (D:3)
  Jessica (D:3)
  A gnoll (D:1)
  7 adders
  3 worms
  A dart slug (D:1)
  4 ball pythons
  3 endoplasms
  2 giant cockroaches
  10 goblins
  6 hobgoblins
  3 jackals (D:2)
  2 quokkas
  3 bats
  A frilled lizard (D:3)
  4 kobolds
  A rat (D:1)
54 creatures vanquished.

Notes
Turn   | Place    | Note
-------+----------+-------------------------------------------
     0 | D:1      | potato4science the Minotaur Berserker began the quest for
                  | the Orb.
     0 | D:1      | Reached XP level 1. HP: 19/19 MP: 0/0
   287 | D:1      | Reached skill level 4 in Axes
   295 | D:1      | Reached XP level 2. HP: 26/26 MP: 1/1
   497 | D:1      | Reached XP level 3. HP: 31/31 MP: 2/2
  1322 | D:2      | Reached ** piety under Trog
  1505 | D:2      | Reached skill level 5 in Axes
  1774 | D:2      | Reached XP level 4. HP: 38/39 MP: 3/3
  2208 | D:3      | Reached XP level 5. HP: 45/45 MP: 4/4
  2209 | D:3      | Reached skill level 6 in Axes
  2226 | D:3      | Noticed Grinder
  2459 | D:3      | Found an ancient bone altar of Kikubaaqudgha.
  2461 | D:3      | Found a burning altar of Makhleb.
  2462 | D:3      | Found a hazy altar of Hepliaklqana.
  2489 | D:3      | Noticed Jessica
  2499 | D:3      | Killed Jessica
  2795 | D:3      | Paralysed by Grinder for 3 turns
  2886 | D:3      | Paralysed by Grinder for 6 turns
  2895 | D:3      | Slain by Grinder

Illustrated notes

Levels and vault maps discovered:
D:1:      dpeg_arrival_simpleton_b, layout_basic, serial_forest,
          infiniplex_forest_corner_1, infiniplex_forest_lined_2,
          infiniplex_forest_clump_double, infiniplex_forest_fountain,
          infiniplex_forest_zigzag_2, infiniplex_forest_clump_double,
          infiniplex_forest_clump_diagonal, dk_noncrumbling_3,
          minmay_misc_feat_square, st_stairs_12
D:2:      layout_loops_ring
D:3:      layout_loops_ring, grunt_temple_overflow_open, minmay_statues_item,
          chequers_decorated_corner, eino_tiny_chamber, uniq_grinder,
          uniq_jessica, uniq_crazy_yiuf_cottage

Skill      XL: |  1  2  3  4  5 |
---------------+----------------+-----
Axes           | 4 5 6 |  6.4
Armour         | 3 4 |  4.0
Dodging        | 3 |  3.0
Fighting       | 4 |  4.0
Stealth        | |  0.6

Action                   |  1- 3 |  4- 6 || total
-------------------------+-------+-------++-------
Melee: Hand axe          |    72 |    58 ||   130
       Headbutt          |    12 |    14 ||    26
Throw: Stone             |       |     7 ||     7
Invok: Berserk           |     3 |     1 ||     4
  Use: Potion            |       |     3 ||     3
Armor: Animal skin       |     4 |       ||     4
       Plate armour      |    10 |    35 ||    45
       Chain mail        |     2 |       ||     2
Dodge: Dodged            |    23 |    16 ||    39
